 Dungeon Crawl Stone Soup version 0.28.0-53-g5a82cb258f (console) character file.

Game seed: 7413751661162196180

2338 Zeor the Thaumaturge (level 9, -4/62 HPs)
             Began as a Djinni Cinder Acolyte on May 25, 2022.
             Was a Priest of Ignis.
             Slain by an orc warrior
             ... wielding a +0 dire flail
              (6 damage)
             ... on level 7 of the Dungeon.
             The game lasted 00:18:03 (4575 turns).

Zeor the Thaumaturge (Djinni Cinder Acolyte)        Turns: 4575, Time: 00:18:03

Health: -4/62      AC:  8    Str: 13    XL:     9   Next: 70%
Gold:   268        EV: 12    Int: 20    God:    Ignis [***...] SH:  0 Dex:  9

rFire   + + +      SeeInvis .   a - +2 hand axe (flame)
rCold   . . .      Faith    .   (no shield)
rNeg    . . .      Spirit   .   l - +0 leather armour
rPois   ∞          Reflect  .   n - +1 helmet
rElec   .          Harm     .   q - scarf {rC+ rF+}
rCorr   .          Rampage  .   (no gloves)
Will    .....                   (boots unavailable)
Stlth   +.........              d - amulet of regeneration
HPRegen 1.00/turn               j - ring of protection from fire
MPRegen 0.00/turn               m - ring of wizardry

@: corroded, fiery-armoured, flying
A: sickness immunity, fire resistance 2, cold vulnerability 1, float, innate
caster, HP casting, extra vitality 1
a: Renounce Religion, Fiery Armour, Foxfire Swarm, Rising Flame


You were on level 7 of the Dungeon.
You worshipped Ignis.
Ignis was most pleased with you.
You visited 1 branch of the dungeon, and saw 7 of its levels.

You collected 268 gold pieces.

Inventory:

Hand Weapons
 a - a +2 hand axe of flaming (weapon)
 c - a -1 falchion of flaming
 g - a +0 war axe
Missiles
 r - 6 curare-tipped darts
Armour
 l - a +0 leather armour (worn)
 n - a +1 helmet (worn)
 q - a scarf of resistance (worn)
Jewellery
 d - an amulet of regeneration (around neck)
 j - a ring of protection from fire (left hand)
 m - a ring of wizardry (right hand)
 o - an amulet of the acrobat
Wands
 b - a wand of polymorph (6)
 s - a wand of charming (10)
Scrolls
 e - 2 scrolls of fear
Potions
 f - a potion of lignification {unknown}
 h - a potion of haste {unknown}
 i - 2 potions of degeneration {unknown}
 k - 2 potions of heal wounds {unknown}
 p - 4 potions of curing


   Skills:
 + Level 4.0 Fighting
 + Level 3.2 Long Blades
 + Level 2.4 Axes
 + Level 2.0 Armour
 + Level 2.9 Dodging
 + Level 1.0 Stealth
 * Level 8.6 Spellcasting


You had 14 spell levels left.
You knew the following spells:

 Your Spells              Type           Power      Damage    Failure   Level
a - Scorch                Fire           86%        2d9       1%          2
b - Apportation           Tloc           86%        N/A       1%          1
c - Ensorcelled Hibernat  Hex/Ice        86%        N/A       1%          2
d - Conjure Flame         Conj/Fire      43%        6-21      1%          3
e - Ignite Poison         Fire/Tmut/Pois 43%        N/A       1%          3
Your spell library was empty.

Dungeon Overview and Level Annotations

Branches:
Dungeon (7/15)             Temple (0/1) D:5

Altars:
Ashenzari
Trog


Innate Abilities, Weirdness & Mutations

You are immune to sickness and miasma.
You are immune to poison.
Your flesh is very heat resistant. (rF++)
You are vulnerable to cold. (rC-)
You float through the air rather than walking.
You learn spells naturally, not from books.
Your magical power is your life essence.
You have superior vitality. (+4 MHP)


Message History

Press: ? - help, Q - select action, (/) - cycle Dir - look around, f - activate Flames lash the orc warrior.
The orc warrior is lightly wounded.
The orc warrior's fire resistance burns away.
The orc warrior barely misses you.
You hit the orc warrior but do no damage.
The orc warrior is lightly wounded.
The orc warrior completely misses you.
You hit the orc warrior. You burn the orc warrior.
The orc warrior is lightly wounded.
The orc warrior is no longer more vulnerable to fire.
The orc warrior hits you with a +0 dire flail.
The orc warrior is burned by your cloak of flames.
The orc warrior is moderately wounded.
You closely miss the orc warrior.
The orc warrior is moderately wounded.
The orc warrior hits you with a +0 dire flail!
* * * LOW HITPOINT WARNING * * *
The orc warrior is burned by your cloak of flames.
The orc warrior is heavily wounded.
The orc warrior closely misses you.
Casting: Scorch (safe; 1% risk of failure)
Press: ? - help, Q - select action, (/) - cycle Dir - look around, f - activate Flames lash the orc warrior.
The orc warrior is severely wounded.
The orc warrior's fire resistance burns away.
* * * LOW HITPOINT WARNING * * *
The orc warrior closely misses you.
Casting: Scorch (safe; 1% risk of failure)
Press: ? - help, Q - select action, (/) - cycle Dir - look around, f - activate Flames lash the orc warrior but do no damage.
* * * LOW HITPOINT WARNING * * *
The orc warrior hits you with a +0 dire flail.
* * * LOW HITPOINT WARNING * * *
You don't have enough health to cast this spell.
You don't have enough health to cast this spell.
You barely miss the orc warrior.
The orc warrior is severely wounded.
The orc warrior hits you with a +0 dire flail.
You die...

▒▒▒▒▒▒▒▒▒∙▒
▒<∙∙∙∙∙∙∙∙▒▒
▒▒▒▒▒▒∙∙∙∙∙▒ ▒
▒∙∙∙∙∙▒ ▒▒▒∙▒
▒▒▒▒▒∙∙∙∙∙▒▒ ∙∙∙∙▒
▒∙∙∙∙∙∙∙∙(∙▒∙∙∙∙∙▒
▒∙∙∙∙∙∙∙∙∙∙▒∙∙∙∙∙▒
▒∙∙∙∙∙▒▒▒▒∙∙▒
∙∙∙∙∙∙∙∙▒▒$oR∙▒
∙▒▒▒▒▒▒▒▒▒∙∙∙∙∙∙∙▒
∙∙∙∙∙∙∙$∙∙▒
∙∙∙▒▒▒∙∙∙▒▒∙∙∙▒ /▒
▒∙▒∙▒ ▒∙∙▒ ▒∙ ∙▒
∙∙▒ ∙▒ ▒! )▒ ∙ ∙


You could see an orc warrior (combustible).

Vanquished Creatures
  4 yaks (D:6)
  Duvessa (D:6)
  2 sky beasts (D:6)
  A black bear (D:4)
  An ice beast (D:6)
  2 ogres (D:5)
  A necrophage (D:4)
  A centaur (D:5)
  2 phantoms (D:6)
  A kobold brigand (D:6)
  3 scorpions
  Dowan (D:6)
  A howler monkey (D:4)
  3 jellies
  A centaur zombie (D:6)
  An orc priest (D:4)
  A bullfrog skeleton (D:4)
  Jessica (D:2)
  An iguana (D:5)
  An orc wizard (D:6)
  A killer bee zombie (D:7)
  9 adders
  A white imp (D:6)
  An adder skeleton (D:5)
  4 worms
  A dart slug (D:1)
  23 orcs
  4 bats
  8 endoplasms
  A giant cockroach (D:1)
  2 goblins
  7 hobgoblins
  7 jackals
  12 kobolds
  5 quokkas
  3 ball pythons
  3 frilled lizards
  6 rats
128 creatures vanquished.

Vanquished Creatures (others)
  7 foxfires (D:3)
7 creatures vanquished.

Grand Total: 135 creatures vanquished

Notes
Turn   | Place    | Note
-------+----------+-------------------------------------------
     0 | D:1      | Zeor the Djinni Cinder Acolyte began the quest for the Orb.
     0 | D:1      | Reached XP level 1. HP: 20/20 MP: 0/0
    49 | D:1      | Reached XP level 2. HP: 22/25 MP: 0/0
   432 | D:1      | Reached XP level 3. HP: 24/30 MP: 0/0
   432 | D:1      | Learned a level 1 spell: Apportation
  1147 | D:2      | Reached skill level 3 in Spellcasting
  1172 | D:2      | Noticed Jessica
  1181 | D:2      | Killed Jessica
  1182 | D:2      | Reached XP level 4. HP: 29/35 MP: 0/0
  1554 | D:2      | Found a faded altar of an unknown god.
  1593 | D:2      | Reached XP level 5. HP: 39/40 MP: 0/0
  1593 | D:2      | Learned a level 2 spell: Ensorcelled Hibernation
  1959 | D:3      | Found a broken altar of Ashenzari.
  2009 | D:3      | Reached skill level 4 in Spellcasting
  2377 | D:4      | Reached XP level 6. HP: 29/46 MP: 0/0
  2477 | D:4      | Found a bloodstained altar of Trog.
  2559 | D:4      | You are sucked into a shaft and drop 2 floors!
  2641 | D:6      | Noticed a sky beast
  2649 | D:6      | Killed a sky beast
  2650 | D:6      | Reached skill level 5 in Spellcasting
  2650 | D:6      | Reached XP level 7. HP: 24/50 MP: 0/0
  2650 | D:6      | Learned a level 3 spell: Conjure Flame
  2690 | D:6      | Noticed a yak
  2696 | D:6      | Reached skill level 1 in Dodging
  2699 | D:6      | Noticed a yak
  2700 | D:6      | Killed a yak
  2700 | D:6      | Noticed a yak
  2701 | D:6      | Reached skill level 1 in Axes
  2709 | D:6      | Killed a yak
  2710 | D:6      | Reached skill level 6 in Spellcasting
  2715 | D:6      | Killed a yak
  2716 | D:6      | Reached XP level 8. HP: 39/56 MP: 0/0
  2744 | D:6      | Noticed a yak
  2807 | D:6      | Noticed Duvessa
  2807 | D:6      | Noticed Dowan
  2818 | D:6      | Killed Duvessa
  2821 | D:6      | Killed Dowan
  2903 | D:5      | Entered Level 5 of the Dungeon
  2918 | D:5      | Reached skill level 7 in Spellcasting
  3330 | D:4      | Reached XP level 9. HP: 57/62 MP: 0/0
  3330 | D:4      | Learned a level 3 spell: Ignite Poison
  3563 | D:5      | Reached skill level 1 in Armour
  3817 | D:5      | Reached skill level 1 in Stealth
  3981 | D:5      | Found a staircase to the Ecumenical Temple.
  4058 | D:6      | Reached skill level 8 in Spellcasting
  4574 | D:7      | HP: 1/62 [orc warrior/+0 dire flail (3)]
  4575 | D:7      | Slain by an orc warrior

Illustrated notes

Levels and vault maps discovered:
D:1:      dpeg_arrival_pond, layout_basic, chequers_arboretum
D:2:      layout_basic, basic_ecumenical_altar, chequers_serial_rivers_small_b,
          uniq_jessica
D:3:      layout_rooms, lemuel_doored_altar
D:4:      layout_basic, lemuel_coloured_pillars_altar
D:5:      layout_cave_pools, minmay_temple_entry_poolview
D:6:      nicolae_cairo_tiling, layout_gridville, uniq_duvessa
D:7:      layout_basic, minmay_starry_boxes

Skill      XL: |  1  2  3  4  5  6  7  8  9 |
---------------+----------------------------+-----
Long Blades    | 3 |  3.2
Spellcasting   | 3 4 5 6 7 8 |  8.6
Dodging        | 1 2 |  2.9
Axes           | 1 2 |  2.4
Armour         | 2 |  2.0
Stealth        | 1 |  1.0
Fighting       | 4 |  4.0

Action                   |  1- 3 |  4- 6 |  7- 9 || total
-------------------------+-------+-------+-------++-------
Melee: Falchion          |    27 |       |       ||    27
       Hand axe          |    12 |    46 |   118 ||   176
       Punch             |     1 |       |     1 ||     2
 Cast: Scorch            |    19 |    55 |    66 ||   140
       Apportation       |     1 |       |       ||     1
       Ensorcelled Hiber |       |     1 |       ||     1
Invok: Foxfire Swarm     |       |     1 |       ||     1
       Fiery Armour      |       |     1 |     3 ||     4
  Use: Scroll            |     3 |     2 |     2 ||     7
 Stab: Sleeping          |       |     1 |       ||     1
Armor: Robe              |     5 |    14 |    10 ||    29
       Leather armour    |       |       |    21 ||    21
Dodge: Dodged            |    32 |    46 |    91 ||   169
